AoeStats
← Girthagoras

MegaRandom

505950000Analyzed
1v1 RM · 21d ago on Sep 11, 2026· 46m 6s· 2 players
Game mode
Random Map
Map size
Tiny (2 player)
Population
200
Speed
Normal
Resources
Standard
Victory
Conquest
Starting age
Dark Age
Ending age
Imperial Age
RankedLock teamsTeams togetherTeam positionsShared explorationLock speedFull tech treeHidden civsTurbo modeCheats
Victory
Defeat
🇺🇸 Romans · United States
933
+15
🇦🇷 Britons · Argentina
908
-42
andres_lf
11:32 Feudal Age
12:31 Double-Bit Axe
12:31 Horse Collar
18:03 Padded Archer Armor
18:37 Loom
22:29 Castle Age
22:57 Crossbowman
23:33 Fletching
23:59 Leather Archer Armor
26:07 Bow Saw
30:17 Gold Mining
31:07 Wheelbarrow
34:01 Sanctity
33:59 Husbandry
41:51 Imperial Age
40:14 Bodkin Arrow
Girthagoras
6:28 Loom
10:41 Feudal Age
11:21 Double-Bit Axe
11:18 Horse Collar
16:24 Wheelbarrow
19:54 Castle Age
21:18 Padded Archer Armor
21:09 Fletching
22:22 Bow Saw
23:07 Bodkin Arrow
23:28 Leather Archer Armor
22:36 Elite Skirmisher
23:33 Town Watch
34:44 Imperial Age
35:15 Forging
35:06 Scale Mail Armor
35:11 Scale Barding Armor
35:22 Fortified Wall
37:21 Heavy Scorpion
38:11 Ballistas
38:44 Ring Archer Armor
38:53 Iron Casting
38:33 Chain Mail Armor
38:39 Chain Barding Armor
39:08 Heavy Plow
40:44 Pikeman
44:32 Halberdier
45:12 Squires
Connection lost

Rejoining the realm…

Still unreachable

The connection could not be restored.

Session expired

The server has moved on; the page needs a fresh start.